 Seeded DCSS version 0.32-a0-918-g0f22ef8d61 (webtiles) character file.

Game seed: 8063103794648955265 (custom seed)

60 innerfire43 the Trooper (level 3, 0/30 HPs)
             Began as a Demonspawn Monk on Apr 10, 2024.
             Slain by a goblin
             ... wielding a +0 club
             ... led by Robin
              (3 damage)
             ... on level 2 of the Dungeon.
             The game lasted 00:01:38 (859 turns).

innerfire43 the Trooper (Demonspawn Monk)            Turns: 859, Time: 00:01:39

Health: 0/30       AC: 10    Str: 13    XL:     3   Next: 82%
Magic:  3/3        EV:  6    Int: 10    God:
Gold:   29         SH:  0    Dex: 15    Spells: 2/2 levels left

rFire   + . .        a - +0 mace
rCold   . . .        d - orb {light}
rNeg    . . .        g - +2 chain mail {rF+}
rPois   .            (no helmet)
rElec   .            (no cloak)
rCorr   .            (no gloves)
SInv    .            (no boots)
Will    .....        (no amulet) Stlth
                     (no ring)
HPRegen 0.25/turn    (no ring)
MPRegen 0.16/turn

%: no passive effects
@: glowing
A: magic regeneration
a: no special abilities


You were on level 2 of the Dungeon.
You visited 1 branch of the dungeon, and saw 2 of its levels.

You collected 29 gold pieces.

Inventory:

Hand Weapons
 a - a +0 mace (weapon)
Armour
 b - a +0 robe
 d - an orb of light (worn)
 g - a +2 chain mail of fire resistance (worn)
Scrolls
 e - 3 scrolls of identify {unknown}
 f - a scroll of enchant armour {unknown}
 h - a scroll of amnesia {unknown}
 i - a scroll of immolation {unknown}
 j - a scroll of teleportation {unknown}
 l - a scroll of poison {unknown}
Potions
 k - a potion of mutation {unknown}


   Skills:
 + Level 3.7 Fighting
 + Level 3.3 Maces & Flails
 + Level 1.6 Armour
 - Level 2.6 Dodging


You had 2 spell levels left.
You didn't know any spells.
Your spell library contained the following spells:

 Spells                   Type           Power      Damage    Failure   Level
 Foxfire                  Conj/Fire      0%         2x1d4     100%        1
 Cigotuvi's Dreadful Rot  Necr/Alch/Air  0%         N/A       100%        2
 Flame Wave               Conj/Fire      0%         2d4       100%        4
 Irradiate                Conj/Alch      0%         3d11      100%        5
 Ignition                 Fire           0%         3d3       100%        8


Dungeon Overview and Level Annotations

Branches:
Dungeon (2/15)

Altars:


Innate Abilities, Weirdness & Mutations

You regenerate magic rapidly.


Message History

You hit the hobgoblin.
The hobgoblin is almost dead.
The hobgoblin hits you. The goblin hits you but does no damage.
Unknown command.
You hit the hobgoblin.
You kill the hobgoblin!
The goblin no longer looks unusually strong.
The goblin hits you with a +0 club.
* * * LOW HITPOINT WARNING * * *
You sock the hobgoblin!
You kill the hobgoblin!
The goblin hits you but does no damage.
Unknown command.
The goblin unwields a +0 club.
The goblin wields a +0 sling.
The goblin shoots a sling bullet.
The sling bullet hits you but does no damage.
The goblin hits you but does no damage.
Items here: ))))))) [[ †.
You closely miss the goblin. The goblin hits you but does no damage.
The goblin shoots a sling bullet.
The sling bullet hits you.
* * * LOW HITPOINT WARNING * * *
The goblin barely misses you.
You hit the goblin.
You kill the goblin!
The goblin shoots a sling bullet.
The sling bullet hits you but does no damage.
The goblin shoots a sling bullet.
The sling bullet hits you but does no damage.
The goblin shoots a sling bullet.
The sling bullet hits you.
* * * LOW HITPOINT WARNING * * *
There is an open door here.
Things that are here:
a +0 dagger; a quokka corpse The goblin shoots a sling bullet.
The sling bullet hits you but does no damage.
Items here: ))))))) [[ †.
The goblin unwields a +0 sling.
The goblin wields a +0 club.
The goblin hits you but does no damage.
You hit the goblin but do no damage. The goblin hits you with a +0 club.
You die...

#.........#
+..:......+
#.....$...#
#.......#
#.....# #...#
#)# #)# #@#
##g##
..######...##
............#
.#######...##
.#######..######
................
.#######..######
#..#


You could see a goblin.

Vanquished Creatures
  Robin (D:2)
  6 bats (D:1)
  4 endoplasms (D:1)
  11 goblins
  7 hobgoblins
  A quokka (D:2)
  A frilled lizard (D:1)
  6 kobolds (D:1)
  8 rats
45 creatures vanquished.

Notes
Turn   | Place    | Note
-------+----------+-------------------------------------------
     0 | D:1      | innerfire43 the Demonspawn Monk began the quest for the
                  | Orb.
     0 | D:1      | Reached XP level 1. HP: 18/18 MP: 1/1
   117 | D:1      | Gained mutation: You regenerate magic rapidly. [demonic
                  | ancestry]
   117 | D:1      | Reached XP level 2. HP: 24/24 MP: 2/2
   322 | D:1      | Reached skill level 1 in Armour
   463 | D:1      | Got the Spellbook of the Tropics and Xanthosis
   474 | D:1      | Reached XP level 3. HP: 27/29 MP: 3/3
   811 | D:2      | Noticed Robin
   846 | D:2      | Killed Robin
   859 | D:2      | Slain by a goblin

Illustrated notes

Levels and vault maps discovered:
D:1:      amcnicky_arrival_blooded_trapdoor, layout_loops_cross
D:2:      layout_loops_corners, basic_altar, uniq_jessica, uniq_robin

Skill      XL: |  1  2 |
---------------+-------+-----
Maces & Flails | 3 |  3.3
Armour         | 1 |  1.6
Fighting       | |  3.7
Dodging        | |  2.6

Action                     || total
---------------------------++-------
  Melee: Mace              ||   107
    Use: Potion            ||     1
 Armour: Robe              ||    18
         Chain mail        ||   101
  Dodge: Dodged            ||    49

Table legend: (Time is in decaauts)
 A = Elapsed time spent in this place.
 B = Non-inter-level travel time spent in this place.
 C = Inter-level travel time spent in this place.
 D = Time resting spent in this place.
 E = Time spent auto-exploring this place.
 F = Levels seen in this place.
 G = Mean time per level.
                   A        B        C        D        E       F      G
               +--------+--------+--------+--------+--------+-----+--------+
         Total |    884 |    884 |      0 |      0 |    614 |   2 |  442.0 |
       Dungeon |    884 |    884 |      0 |      0 |    614 |   2 |  442.0 |
               +--------+--------+--------+--------+--------+-----+--------+

Top non-repeatable levels by time:
     D:1: 791 daAuts
     D:2: 93 daAuts
